 Dungeon Crawl Stone Soup version 0.31.0-11-ge490571c62 (webtiles) character file.

Game seed: 17783286006630726599

53 qw the Shooter (level 3, 0/20 HPs)
             Began as a Deep Elf Hunter on Feb 3, 2024.
             Slain by Sigmund
             ... wielding a +0 scythe
              (3 damage)
             ... on level 3 of the Dungeon.
             The game lasted 00:00:04 (1482 turns).

qw the Shooter (Deep Elf Hunter)                    Turns: 1482, Time: 00:00:05

Health: 0/20       AC:  6    Str:  9 (10) XL:     3   Next: 64%
Magic:  5/5        EV: 10    Int: 11 (13) God:
Gold:   118        SH:  0    Dex: 15 (18) Spells: 2/2 levels left

rFire   . . .        a - +1 shortbow
rCold   . . .        (shield currently unavailable)
rNeg    . . .        g - +0 ring mail
rPois   .            (no helmet)
rElec   .            l - +0 cloak
rCorr   .            (no gloves)
SInv    .            (no boots)
Will    .....        (no amulet)
Stlth   +            (no ring)
HPRegen 0.23/turn    (no ring)
MPRegen 0.09/turn

%: no passive effects
@: no status effects
A: no striking features
a: no special abilities


You were on level 3 of the Dungeon.
You visited 1 branch of the dungeon, and saw 3 of its levels.

You collected 118 gold pieces.


   Skills:
 - Level 1.5 Fighting
 + Level 7.1 Ranged Weapons
 - Level 2.4 Dodging
 - Level 1.2 Stealth


You had 2 spell levels left.
You didn't know any spells.
Your spell library was empty.

Inventory:

Hand Weapons
 a - a +1 shortbow (weapon)
Armour
 g - a +0 ring mail (worn)
 l - a +0 cloak (worn)
Potions
 d - a potion of resistance {unknown}
 f - a potion of curing

Dungeon Overview and Level Annotations

Branches:
Dungeon (3/15)

Altars:

Annotations:
D:3 Sigmund


Message History

1445 ||| READING scroll labelled UPNUIL BOUTHAX.
As you read the scroll labelled UPNUIL BOUTHAX, it crumbles to dust.
You feel strangely unstable.
It was a scroll of teleportation.
You start waiting.
Your surroundings suddenly seem different.
Done exploring.
1448 ||| DRINKING 2 orange potions.
It was a potion of degeneration.
There was something very wrong with that liquid.
You feel weakened.
You feel dopey.
You feel clumsy.
Done exploring.
1449 ||| DROPPING potion of degeneration.
You drop a potion of degeneration.
Done exploring.
What level of the Dungeon? (default 2, ? - help)
There is a stone staircase leading down here.
You climb downwards.
There is a stone staircase leading up here.
Waypoint 2 assigned to D:3.
Sigmund the Dreaded comes into view.
He is wielding a +0 scythe and carrying a wand of flame.
Sigmund shouts!
You hear an angry hiss.
Sigmund casts a spell at you. The puff of flame hits you.
You shoot an arrow. The arrow hits Sigmund.
Sigmund is lightly wounded.
An adder comes into view.
1476 ||| RETREEEEATING.
1477 ||| FLEEEEING.
You shoot an arrow. The arrow barely misses Sigmund.
1479 ||| RETREEEEATING.
Sigmund flickers, as though insubstantial.
Sigmund hits you with a +0 scythe!
You shoot an arrow. The arrow hits Sigmund!
Sigmund is moderately wounded.
You shoot an arrow. The arrow barely misses Sigmund.
The arrow misses the adder.
Sigmund hits you with a +0 scythe.
You shoot an arrow. The arrow hits Sigmund.
Sigmund is heavily wounded.
Sigmund hits you with a +0 scythe.
You die...
Sigmund begins carving another notch in his scythe.

...# ...# ...#
...#
########.#.@.#
#<.......#...####
##.#######.......
#.####.@@S..#
#......##.###
######## .# .# .#
.# .# .#


You could see Sigmund and an adder.

Vanquished Creatures
  An adder (D:2)
  A dart slug (D:1)
  2 ribbon worms (D:2)
  3 ball pythons
  2 bats (D:1)
  5 endoplasms
  A giant cockroach (D:2)
  3 hobgoblins
  4 kobolds
  A quokka (D:1)
  4 frilled lizards
  6 goblins
  2 rats (D:1)
35 creatures vanquished.

Notes
Turn   | Place    | Note
-------+----------+-------------------------------------------
     0 | D:1      | qw the Deep Elf Hunter began the quest for the Orb.
     0 | D:1      | Reached XP level 1. HP: 12/12 MP: 3/3
     0 | D:1      | 0 ||| qw: Version: 0.3-a-157-g843a77d
     0 | D:1      | 0 ||| qw: Game counter: 4009
     0 | D:1      | 0 ||| qw: Melee chars always use a shield: true
     0 | D:1      | 0 ||| qw: God list: Okawaru
     0 | D:1      | 0 ||| qw: Allow faded altars: false
     0 | D:1      | 0 ||| qw: Do Orc after clearing Dungeon:15 true
     0 | D:1      | 0 ||| qw: Do second Lair branch before Depths: true
     0 | D:1      | 0 ||| qw: Lair rune preference: random
     0 | D:1      | 0 ||| qw: Goals: Normal
     0 | D:1      | 0 ||| PLANNING D:1-11
   104 | D:1      | Reached XP level 2. HP: 16/16 MP: 4/4
   109 | D:1      | Reached skill level 6 in Ranged Weapons
   733 | D:1      | 733 ||| UPGRADING to +0 ring mail.
   743 | D:1      | 743 ||| DROPPING +0 leather armour.
   744 | D:1      | 744 ||| UPGRADING to +0 cloak.
   749 | D:1      | 749 ||| READING scroll labelled ARROGE RAPSE.
   750 | D:1      | 750 ||| READING scroll labelled KAHAER IFIUGA.
   780 | D:1      | 780 ||| READING scroll labelled VIANNU TAOM.
   780 | D:1      | 780 ||| ENCHANTING +0 shortbow.
   781 | D:1      | 781 ||| READING scroll labelled JUHIUZ TUB.
   782 | D:1      | 782 ||| READING scroll labelled UCWOBL XUTTIE.
   782 | D:1      | 782 ||| IDENTIFYING sapphire potion
   783 | D:1      | 783 ||| DROPPING scroll of butterflies.
   982 | D:2      | Reached XP level 3. HP: 20/20 MP: 5/5
  1204 | D:2      | Reached skill level 7 in Ranged Weapons
  1444 | D:2      | 1444 ||| READING scroll labelled MYQ SONGAOCI.
  1445 | D:2      | 1445 ||| READING scroll labelled UPNUIL BOUTHAX.
  1448 | D:2      | 1448 ||| DRINKING 2 orange potions.
  1449 | D:2      | 1449 ||| DROPPING potion of degeneration.
  1474 | D:3      | Noticed Sigmund
  1476 | D:3      | 1476 ||| RETREEEEATING.
  1477 | D:3      | 1477 ||| FLEEEEING.
  1479 | D:3      | 1479 ||| RETREEEEATING.
  1481 | D:3      | HP: 3/20 [Sigmund/+0 scythe (6)]
  1482 | D:3      | Slain by Sigmund

Levels and vault maps discovered:
D:1:      dpeg_arrival_simpleton_b, layout_basic
D:2:      layout_loops_ring
D:3:      layout_basic, nicolae_overflows_in_rows,
          gammafunk_temple_overflow_pools, biasface_ghost_orc_armoury,
          uniq_ijyb, uniq_sigmund

Skill      XL: |  1  2  3 |
---------------+----------+-----
Ranged Weapons | 6 7 |  7.1
Fighting       | |  1.5
Dodging        | |  2.4
Stealth        | |  1.2

Action                     || total
---------------------------++-------
   Fire: Shortbow          ||    97
    Use: Scroll            ||     7
         Potion            ||     1
 Armour: Leather armour    ||     3
         Ring mail         ||    13
  Dodge: Dodged            ||    10

Table legend:
 A = Non-vault XP
 B = Vault XP
 C = Vault XP percentage of total XP
 D = Non-vault monster count
 E = Vault monster count
 F = Vault count percentage of total count
                 A         B        C        D         E       F
            +---------+---------+-------+---------+---------+-------
      Total |      77 |       0 |   0.0 |      35 |       0 |   0.0
            +---------+---------+-------+---------+---------+-------
        D:1 |      29 |       0 |   0.0 |      17 |       0 |   0.0
        D:2 |      48 |       0 |   0.0 |      18 |       0 |   0.0
            +---------+---------+-------+---------+---------+-------
